cohdb
Replays
Latest Replays
All Replays
Popular Replays
Top Player Replays
Match Explorer
How It Works
Community
CoH3 Stats
Reddit
Sign in to upload your games and track your stats! →
Sign in with Steam
Match 45946879
Unlisted
Match 45946879
Overview
Messages
Build Orders
End
Kradschützen Motorcycle Team
Selects Italian Combined Arms Battlegroup
Selects Bersaglieri Squad
Bersaglieri Squad
Panzerpioneer Squad
Bersaglieri Squad
Construct Light Support Kompanie
MG34 Team
Panzerjäger Squad
Construct Mechanized Kompanie
2.5-tonne Medical Truck
Support Armor Elements
Selects Semovente da 75/18 Assault Gun
Selects Strafing Run
Strafing Run
StuG III D Assault Gun
Construct Panzerarmee Kommand
Selects Artillery Cover
Strafing Run
Selects Vehicle Support - Secure Location
Selects Vehicle Support - Force Recon
Walking Stuka Rocket Launcher
Pak 38 Anti-tank Gun Team
Pak 38 Anti-tank Gun Team
Strafing Run
Panzer III L Medium Tank
Panzer III L Medium Tank
Strafing Run
Emergency Repair Kits
Armored Reserves
Strafing Run
Panzer IV Assault Group
Strafing Run
Strafing Run
Strafing Run
Panzer IV Assault Group
Fajolada
maschE
0
0
Comments
sign in to comment!
No comments posted yet!